 Dungeon Crawl Stone Soup version 0.27-a0-965-gbf8bb431c4 (webtiles) character file.

Game seed: 12874857683783037602

43 wakim the Covered (level 3, 0/33 HPs)
             Began as a Minotaur Fighter on Apr 12, 2021.
             Was a Follower of Jiyva.
             Killed by nerve-wracking pain
             ... invoked by an orc priest
              (10 damage)
             ... on level 2 of the Dungeon.
             The game lasted 00:02:04 (1155 turns).

wakim the Covered (Minotaur Fighter)                Turns: 1155, Time: 00:02:05

Health: 0/33       AC:  7    Str: 21    XL:     3   Next: 37%
Magic:  2/2        EV:  7    Int:  5    God:    Jiyva [*.....]
Gold:   39         SH:  9    Dex:  9    Spells: 2/2 levels left

rFire    + . .     SeeInvis .   a - +0 flail
rCold    . . .     Faith    .   c - +0 kite shield
rNeg     . . .     Spirit   .   b - +0 scale mail
rPois    .         Reflect  .   (helmet restricted)
rElec    .         Harm     .   (no cloak)
rCorr    .         Rampage  .   (no gloves)
Will     .....                  (no boots)
Stlth    ..........             (no amulet)
HPRegen  0.11/turn              f - ring of protection from fire
MPRegen  0.08/turn              (no ring)

@: no status effects
A: horns 2, retaliatory headbutt
a: Renounce Religion, Request Jelly


You were on level 2 of the Dungeon.
You worshipped Jiyva.
Jiyva was aware of your devotion.
You visited 1 branch of the dungeon, and saw 3 of its levels.

You collected 39 gold pieces.

Inventory:

Hand Weapons
 a - a +0 flail (weapon)
Armour
 b - a +0 scale mail (worn)
 c - a +0 kite shield (worn)
Jewellery
 f - a ring of protection from fire (left hand)
Potions
 K - a potion of magic
 N - a potion of might


   Skills:
 + Level 4.0 Fighting
 * Level 3.5 Maces & Flails
 + Level 4.0 Armour
 + Level 4.0 Shields


You had 2 spell levels left.
You didn't know any spells.
Your spell library was empty.

Dungeon Overview and Level Annotations

Branches:
Dungeon (3/15)

Altars:
Jiyva


Innate Abilities, Weirdness & Mutations

You have a pair of horns on your head.
You reflexively headbutt those who attack you in melee.


Message History

You are too injured to fight recklessly!
You are too injured to fight recklessly!
You are too injured to fight recklessly!
You are too injured to fight recklessly!
You are too injured to fight recklessly!
You are too injured to fight recklessly!
Unknown command.
You block the jackal's attack.
The orc priest hits you but does no damage.
You block the orc's attack.
You climb upwards.
There is a stone staircase leading down here.
You sock the orc priest! Your headbutt misses the orc priest.
The orc priest is severely wounded.
You block the jackal's attack. x2; The orc hits you but does no damage.
The orc priest hits you but does no damage.
The worm bites you but does no damage.
You closely miss the orc priest. Your headbutt misses the orc priest.
The orc priest is severely wounded.
You block the jackal's attack. The orc barely misses you.
The orc priest hits you with a +0 club.
* * * LOW HITPOINT WARNING * * *
The jackal closely misses you. You furiously retaliate!
You headbutt the jackal!
You kill the jackal!
You block the worm's attack. The orc barely misses you.
You furiously retaliate!
You headbutt the orc!
You kill the orc!
The orc priest barely misses you.
You barely miss the orc priest. Your headbutt misses the orc priest.
The orc priest is severely wounded.
The orc priest looks braver for a moment.
The worm bites you but does no damage.
You hit the orc priest. You headbutt the orc priest.
The orc priest is almost dead.
The orc priest hits you with a +0 club.
* * * LOW HITPOINT WARNING * * *
The orc priest invokes the aid of Beogh against you.
Pain shoots through your body!
You die...

#....#.......####...##....#...
#....###......................
#....#..................##....
######.J.#.#...##......#......
#...#.#.#.#............##
#.......................#
#...##.............####..
#...####.).J.....#....##.
#....###@o...............
#......w.J##.......#..#..
##.#.##..#......###...##..
#>.#.##...................
#.##......................
#.##....####.....#........
#............####..##.....
####.................####.#..
#....#...........##### #..##


You could see a worm, an orc priest and 2 neutral jellies (fellow slime).

Vanquished Creatures
  An adder (D:2)
  A dart slug (D:1)
  3 orcs (D:2)
  2 bats (D:1)
  An endoplasm (D:2)
  A giant cockroach (D:1)
  A goblin (D:2)
  4 hobgoblins
  6 jackals
  A ball python (D:1)
  A kobold (D:2)
  3 rats (D:1)
25 creatures vanquished.

Notes
Turn   | Place    | Note
-------+----------+-------------------------------------------
     0 | D:1      | wakim the Minotaur Fighter began the quest for the Orb.
     0 | D:1      | Reached XP level 1. HP: 19/19 MP: 0/0
   179 | D:1      | Reached XP level 2. HP: 27/27 MP: 1/1
   798 | D:2      | Reached XP level 3. HP: 30/33 MP: 2/2
   934 | D:2      | Found a faded altar of an unknown god.
   936 | D:2      | Became a worshipper of Jiyva Jecsyin the Shapeless
   936 | D:2      | Reached * piety under Jiyva
  1155 | D:2      | Killed from afar by an orc priest

Illustrated notes

Levels and vault maps discovered:
D:1:      dpeg_arrival_leaves_temple_mockup, layout_basic, roderic_roman_lattice
D:2:      layout_rooms, chequers_ecumenical_altar_twisty
D:3:      layout_loops_ring, chequers_temple_overflow_statue_of_worship,
          corexii_item_surrounded_by_moat, grunt_ministairs_12, minivault_23,
          uniq_robin, uniq_grinder

Skill      XL: |  1  2  3 |
---------------+----------+-----
Maces & Flails | 3 |  3.5
Fighting       | 4 |  4.0
Armour         | 4 |  4.0
Shields        | 4 |  4.0

Action                   || total
-------------------------++-------
Melee: Flail             ||    45
       Headbutt          ||     5
Invok: Request Jelly     ||     1
  Use: Scroll            ||     5
Armor: Scale mail        ||    33
Dodge: Dodged            ||    24
Block: Kite shield       ||    37

Table legend: (Time is in decaauts)
 A = Elapsed time spent in this place.
 B = Non-inter-level travel time spent in this place.
 C = Inter-level travel time spent in this place.
 D = Time resting spent in this place.
 E = Time spent auto-exploring this place.
 F = Levels seen in this place.
 G = Mean time per level.
                   A        B        C        D        E       F      G
               +--------+--------+--------+--------+--------+-----+--------+
         Total |   1176 |   1156 |     20 |      0 |   1018 |   3 |  392.0 |
       Dungeon |   1176 |   1156 |     20 |      0 |   1018 |   3 |  392.0 |
               +--------+--------+--------+--------+--------+-----+--------+

Top non-repeatable levels by time:
     D:2: 603 daAuts
     D:1: 562 daAuts
     D:3: 10 daAuts
